 Dungeon Crawl Stone Soup version 0.27.1-1-g398f81649c (webtiles) character file.

Game seed: 3339864171967387083

320 Woods the Ruffian (level 6, -2/47 HPs)
             Began as a Demonspawn Abyssal Knight on Sept 20, 2021.
             Was a Priest of Lugonu.
             Slain by an orc warrior (9 damage)
             ... on level 5 of the Dungeon.
             The game lasted 00:06:48 (6546 turns).

Woods the Ruffian (Demonspawn Abyssal Knight)       Turns: 6546, Time: 00:06:48

Health: -2/47      AC:  6    Str: 15    XL:     6   Next: 22%
Magic:  7/7        EV: 10    Int: 13    God:    Lugonu [***...]
Gold:   203        SH:  0    Dex: 18    Spells: 5/5 levels left

rFire    + . .     SeeInvis .   a - +1 mace
rCold    . . .     Faith    .   (no shield)
rNeg     . . .     Spirit   .   m - +1 ring mail {rF+}
rPois    +         Reflect  .   (no helmet)
rElec    .         Harm     .   (no cloak)
rCorr    .         Rampage  .   (no gloves)
Will     .....                  (no boots)
Stlth    +.........             (no amulet)
HPRegen  0.15/turn              j - +6 ring of dexterity
MPRegen  0.10/turn              q - ring of poison resistance

@: no status effects
A: claws 1, hooves 1, ignite blood 2, demonic magic 1
a: Renounce Religion, Depart the Abyss, Bend Space, Banish


You were on level 5 of the Dungeon.
You worshipped Lugonu.
Lugonu was most pleased with you.
You visited 1 branch of the dungeon, and saw 5 of its levels.
You visited the Abyss 1 time.

You collected 203 gold pieces.

Inventory:

Hand Weapons
 a - a +1 mace (weapon)
Armour
 b - a +0 leather armour
 m - a +1 ring mail of fire resistance (worn)
 r - a +0 chain mail
Jewellery
 j - a +6 ring of dexterity (left claw)
 o - a +6 ring of intelligence
 q - a ring of poison resistance (right claw)
 s - a ring of protection from fire
 u - an amulet of faith
Wands
 t - a wand of paralysis (8)
Scrolls
 c - 2 scrolls of magic mapping {unknown}
 d - 3 scrolls of identify {unknown}
 e - a scroll of teleportation {unknown}
 f - 2 scrolls of enchant armour {unknown}
 g - 4 scrolls of holy word {unknown}
 n - a scroll of enchant weapon {unknown}
Potions
 h - 4 potions of brilliance {unknown}
 i - 2 potions of might {unknown}
 k - a potion of curing {unknown}
 l - a potion of haste {unknown}
 p - 2 potions of attraction {unknown}
 v - a potion of degeneration {unknown}


   Skills:
 - Level 3.2 Fighting
 - Level 3.5 Maces & Flails
 - Level 1.9 Armour
 - Level 1.1 Dodging
 + Level 4.3 Unarmed Combat
 - Level 2.5 Invocations


You had 5 spell levels left.
You didn't know any spells.
Your spell library was empty.

Dungeon Overview and Level Annotations

Branches:
Dungeon (5/15)             Temple (0/1) D:4

Altars:
Dithmenos
Xom
Zin


Innate Abilities, Weirdness & Mutations

You have sharp fingernails.
You have large cloven feet.
Your demonic aura often causes spilled blood to erupt in flames.
Spells you cast may paralyse adjacent enemies.


Message History

Lugonu accepts your kill.
You hear a shout!
An orc priest is nearby!
The orc priest invokes the aid of Beogh against you.
Pain shoots through your body!
You see here a +0 falchion.
You hit the orc priest.
The orc priest is lightly wounded.
The orc priest hits you with a +0 short sword.
Your ring mail prevents you from hitting the orc priest.
Your kick misses the orc priest.
The orc priest is lightly wounded.
The orc priest calls down the wrath of Beogh upon you.
Beogh smites you!
You hit the orc priest. Your kick misses the orc priest.
The orc priest is heavily wounded.
The orc priest misses you.
You hit the orc priest but do no damage.
You kick the orc priest.
The orc priest is severely wounded.
The orc priest hits you but does no damage.
An orc warrior comes into view. It is wielding a +0 hand axe.
The orc priest barely misses you.
You hit the orc priest but do no damage.
Your kick misses the orc priest.
The orc priest is severely wounded.
The orc priest hits you but does no damage.
You hit the orc priest. You kick the orc priest.
You kill the orc priest!
Lugonu accepts your kill.
You can now banish your foes.
The orc warrior hits you with a +0 hand axe!
* * * LOW HITPOINT WARNING * * *
The orc warrior is engulfed in blazing flames.
Things that are here:
a +0 war axe; 21 stones The orc warrior is engulfed in blazing flames.
You closely miss the orc warrior. Your kick misses the orc warrior.
The orc warrior is almost dead.
The orc warrior hits you with a +0 hand axe!
You die...

###################
..................#
#################.#
.. #.# #. #.#
#°####.# #○))o@.#
########


You could see an orc warrior.

Vanquished Creatures
  A scorpion (D:4)
  A bullfrog zombie (D:4)
  2 orc priests
  A centaur skeleton (D:4)
  3 adders
  An adder skeleton (D:4)
  3 worms (D:2)
  8 orcs
  7 ball pythons
  6 bats
  10 endoplasms
  5 giant cockroaches
  7 goblins
  7 hobgoblins
  6 jackals
  3 quokkas
  3 frilled lizards
  9 kobolds
  8 rats
91 creatures vanquished.

Notes
Turn   | Place    | Note
-------+----------+-------------------------------------------
     0 | Abyss:1  | Woods the Demonspawn Abyssal Knight began the quest for the
                  | Orb.
     0 | Abyss:1  | Reached XP level 1. HP: 18/18 MP: 2/2
    29 | D:1      | Escaped the Abyss
    52 | D:1      | Reached skill level 1 in Dodging
   153 | D:1      | Gained mutation: Spells you cast may paralyse adjacent
                  | enemies. [demonic ancestry]
   153 | D:1      | Reached XP level 2. HP: 15/24 MP: 3/3
   741 | D:1      | Reached ** piety under Lugonu
  1106 | D:1      | Gained mutation: Your demonic aura sometimes causes spilled
                  | blood to erupt in flames. [demonic ancestry]
  1106 | D:1      | Reached XP level 3. HP: 29/29 MP: 4/4
  3151 | D:2      | Gained mutation: You have sharp fingernails. [demonic
                  | ancestry]
  3151 | D:2      | Reached XP level 4. HP: 35/35 MP: 5/5
  3651 | D:3      | Reached skill level 1 in Unarmed Combat
  3744 | D:3      | Reached skill level 2 in Unarmed Combat
  4088 | D:3      | Found a shadowy altar of Dithmenos.
  4465 | D:3      | Found a shimmering altar of Xom.
  4481 | D:3      | Found a faded altar of an unknown god.
  4486 | D:3      | Gained mutation: You have large cloven feet. [demonic
                  | ancestry]
  4486 | D:3      | Reached XP level 5. HP: 41/41 MP: 6/6
  4568 | D:3      | Noticed an ice beast
  4753 | D:3      | Noticed an angel
  5252 | D:4      | Reached skill level 3 in Unarmed Combat
  5506 | D:4      | Found a staircase to the Ecumenical Temple.
  6073 | D:4      | Reached skill level 4 in Unarmed Combat
  6073 | D:4      | Gained mutation: Your demonic aura often causes spilled
                  | blood to erupt in flames. [demonic ancestry]
  6073 | D:4      | Reached XP level 6. HP: 42/47 MP: 7/7
  6452 | D:5      | Entered Level 5 of the Dungeon
  6540 | D:5      | Noticed an orc warrior
  6542 | D:5      | Reached *** piety under Lugonu
  6546 | D:5      | Slain by an orc warrior

Illustrated notes

Levels and vault maps discovered:
D:1:      evilmike_arrival_crescent, layout_basic
D:2:      layout_basic, minmay_goblin_outpost
D:3:      layout_loops_ring, general_overflow_altar,
          nicolae_dithmenos_the_darkroom, zin_angel,
          ebering_ecumenical_altar_webs, kennysheep_generic_room_9
D:4:      layout_gridville, minmay_temple_entry_grid
D:5:      layout_basic, uniq_pikel

Skill      XL: |  1  2  3  4  5 |
---------------+----------------+-----
Dodging        | 1 |  1.1
Maces & Flails | 2 3 |  3.5
Unarmed Combat | 2 4 |  4.3
Fighting       | |  3.2
Armour         | |  1.9
Invocations    | |  2.5

Action                   |  1- 3 |  4- 6 || total
-------------------------+-------+-------++-------
Melee: Mace              |   169 |   153 ||   322
       Kick              |       |    22 ||    22
       Punch             |       |     1 ||     1
Armor: Leather armour    |    39 |       ||    39
       Ring mail         |    15 |    88 ||   103
Dodge: Dodged            |   135 |    89 ||   224
